 Dungeon Crawl Stone Soup version 0.18-a0-1542-g9c1a92e (console) character file.

93 Liam the Magician (level 4, 0/27 HPs)
             Began as a High Elf Wizard on Mar 10, 2016.
             Slain by Grinder (11 damage)
             ... while paralysed by Grinder
             ... on level 3 of the Dungeon.
             The game lasted 00:04:00 (2293 turns).

Liam the Magician (High Elf Wizard)                 Turns: 2293, Time: 00:04:00

Health: 0/27       AC:  0    Str:  6    XL:     4   Next: 37%
Magic:  2/11       EV:  2    Int: 23    God:
Gold:   152        SH:  0    Dex: 13    Spells: 1 memorised, 11 levels left

rFire  . . .     SeeInvis .     (no weapon)
rCold  . . .     Gourm    .     a - +0 robe
rNeg   . . .     Faith    .     (no shield)
rPois  .         Spirit   .     b - +0 hat
rElec  .         Dismiss  .     (no cloak)
rCorr  .         Reflect  .     (no gloves)
SustAt .         Harm     .     (no boots)
MR     .....                    (no amulet)
Stlth  ++........               (no ring)
                                x - -2 ring of protection (curse)

@: paralysed, flying, not resistant to hostile enchantments, unstealthy
A: no striking features
a: no special abilities


You were on level 3 of the Dungeon.
You were not hungry.

You visited 1 branch of the dungeon, and saw 3 of its levels.

You collected 152 gold pieces.

Inventory:

Armour
 a - a +0 robe (worn)
 b - a +0 hat (worn)
Jewellery
 x - a cursed -2 ring of protection (left hand)
Scrolls
 e - a scroll of noise {unknown}
 h - 6 scrolls of remove curse {unknown}
 i - 2 scrolls of recharging {unknown}
 k - a scroll of magic mapping {unknown}
 m - 2 scrolls of enchant armour {unknown}
 o - 2 scrolls of identify {unknown}
 p - 2 scrolls of teleportation {unknown}
 u - a scroll of blinking {unknown}
 y - a scroll of amnesia {unknown}
Potions
 l - a potion of haste {unknown}
 n - a potion of berserk rage {unknown}
 r - a potion of degeneration {unknown}
 s - a potion of cancellation {unknown}
 t - a potion of brilliance {unknown}
 w - a potion of ambrosia {unknown}
Books
 c - a book of Minor Magic

   Spells                             Type                      Level
   a - Magic Dart                     Conjuration                  1
   b - Blink                          Translocation                2
   c - Call Imp                       Summoning                    2
   d - Repel Missiles                 Charms/Air                   2
   e - Slow                           Hexes                        2
   f - Conjure Flame                  Conjuration/Fire             3
   g - Mephitic Cloud                 Conjuration/Poison/Air       3
Comestibles
 d - 6 bread rations
 g - a meat ration
 q - a royal jelly
 v - a chunk of flesh


   Skills:
 - Level 2.1 Dodging
 - Level 2.1 Stealth
 + Level 4.7 Spellcasting
 + Level 3.5 Conjurations
   Level 0.8 Summonings
   Level 1.1 Translocations


You had 11 spell levels left.
You knew the following spells:

 Your Spells              Type           Power        Failure   Level  Hunger
a - Magic Dart            Conj           ###.         2%          1    None


Dungeon Overview and Level Annotations

Branches:
Dungeon (3/15)

Altars:

Annotations:
D:3 Grinder


Message History

Grinder hits you.
Casting: Magic Dart
Confirm with . or Enter, or press ? or * to list all spells.
Aiming: Magic Dart
Press: ? - help, Shift-Dir - straight line, f/p - Grinder
Aim: Grinder (heavily wounded)
The magic dart hits Grinder.
Grinder is severely wounded.
Grinder closely misses you.
Casting: Magic Dart
Confirm with . or Enter, or press ? or * to list all spells.
Aiming: Magic Dart
Press: ? - help, Shift-Dir - straight line, f/p - Grinder
Aim: Grinder (severely wounded)
The magic dart hits Grinder.
Grinder is severely wounded.
Grinder gestures at you.
You suddenly lose the ability to move!
Grinder hits you!
You die...

#....#. #....#.
#....#. ###.### ######
#.# #...!.# #.#
.......#############.#
#.................#
...#..@##############
##.5# #.... #..##.#
.... .# ####. .. # #.
.#


You could see Grinder.

Vanquished Creatures
  A gnoll (D:1)
  A worm (D:3)
  6 dart slugs
  5 giant geckos (D:1)
  9 bats
  3 giant cockroaches
  12 goblins
  7 hobgoblins
  A quokka (D:3)
  A ball python (D:1)
  6 giant newts
  5 kobolds
  7 rats
64 creatures vanquished.

Notes
Turn   | Place    | Note
--------------------------------------------------------------
     0 | D:1      | Liam the High Elf Wizard began the quest for the Orb.
     0 | D:1      | Reached XP level 1. HP: 11/11 MP: 6/6
   246 | D:1      | Reached XP level 2. HP: 13/17 MP: 4/7
   251 | D:1      | Reached skill level 4 in Spellcasting
   600 | D:1      | Reached XP level 3. HP: 21/21 MP: 5/9
  1687 | D:2      | Reached XP level 4. HP: 27/27 MP: 9/11
  2280 | D:3      | Noticed Grinder
  2292 | D:3      | Paralysed by Grinder for 3 turns
  2293 | D:3      | Slain by Grinder

Vault maps used:
D:1:      lightli_arrival_noodles
D:3:      kennysheep_six_static_rooms, first_bread, grunt_pakellas_salt,
          uniq_grinder

Skill      XL: |  1  2  3 |
---------------+----------+-----
Spellcasting   | 4 |  4.7
Conjurations   | 2 3 |  3.5
Dodging        | |  2.1
Stealth        | |  2.1
Summonings     | |  0.8
Translocations | |  1.1

Action                   |  1- 3 |  4- 6 || total
-------------------------+-------+-------++-------
Melee: Unarmed           |    14 |       ||    14
 Cast: Magic Dart        |    96 |    46 ||   142
  Use: Potion            |       |     2 ||     2
  Eat: Chunk             |     2 |     2 ||     4
